[Event "Titled Tuesday Blitz February 22 Early 2022"]
[White "Sanchez, Robert"]
[Black "Murthy, Pappu"]
[WhiteFideId "2034360"]
[BlackFideId "2013401"]
[WhiteElo "2243"]
[BlackElo "1929"]
[Result "1-0"]
[Round "11"]
[TimeControl "180+1"]
[Date "2022.02.22"]
[WhiteClock "0:01:54"]
[BlackClock "0:00:46"]

1. e4 c5 2. Nf3 d6 3. d4 cxd4 4. Nxd4 Nf6 5. Nc3 g6 6. Be3 Bg7 7. f3 O-O 8. Qd2 Nc6 9. Bc4 Nxd4 10. Bxd4 Be6 11. Bxe6 fxe6 12. O-O-O Qa5 13. Kb1 Rac8 14. Bxf6 Bxf6 15. Nd5 Qxd2 16. Nxf6+ exf6 17. Rxd2 Rc6 18. Rhd1 Rd8 19. b3 Kf7 20. c4 Ke7 21. Kb2 a6 22. f4 b5 23. cxb5 axb5 24. Rc2 Rdc8 25. Rdc1 Rxc2+ 26. Rxc2 Rxc2+ 27. Kxc2 Kd7 28. Kc3 Kc6 29. a4 Kc5 30. b4+ Kc6 31. a5 f5 32. Kd4 h6 33. e5 dxe5+ 34. Kxe5 g5 35. Kxe6 1-0


[Site "https://www.chess.com"]

[Event "Titled Tuesday Blitz February 22 Early 2022"]
[White "Sarana, Alexey"]
[Black "Kovalenko, Igor"]
[WhiteFideId "24133795"]
[BlackFideId "14117908"]
[WhiteElo "2665"]
[BlackElo "2560"]
[Result "0-1"]
[Round "11"]
[TimeControl "180+1"]
[Date "2022.02.22"]
[WhiteClock "0:00:03"]
[BlackClock "0:00:35"]

1. d4 Nf6 2. c4 g6 3. Nc3 Bg7 4. e4 d6 5. Be2 O-O 6. Be3 a5 7. Nf3 a4 8. O-O a3 9. b3 Nc6 10. h3 e5 11. d5 Nb4 12. Ne1 c5 13. dxc6 bxc6 14. Nc2 Nxc2 15. Qxc2 Qc7 16. Rfd1 Be6 17. b4 Rfb8 18. Rab1 d5 19. cxd5 cxd5 20. Bc5 d4 21. Nb5 Qc6 22. Nd6 Nd7 23. Rdc1 Bf8 24. Nc4 Nxc5 25. bxc5 Qxc5 26. Bd3 Bh6 27. Rxb8+ Rxb8 28. Rb1 Rxb1+ 29. Qxb1 Bf8 30. Qb3 Kg7 31. Kf1 Qb4 32. Qxb4 Bxb4 33. Ke2 f6 34. Kd1 h5 35. Kc2 h4 36. Kb3 Be7 37. Ka4 Kh6 38. Nxa3 Bxa2 39. Bc4 Bxc4 40. Nxc4 Kg5 41. Kb3 Kf4 42. Nd2 Bd8 43. Kc2 Ba5 44. Nf3 Kxe4 45. Nxh4 d3+ 46. Kd1 g5 47. Nf3 Kf4 48. Nh2 e4 49. Nf1 Bb6 50. Ke1 f5 51. Nh2 Ke5 52. Nf1 Bd4 53. g3 Kd5 54. h4 gxh4 55. gxh4 f4 56. h5 e3 57. fxe3 fxe3 58. Ng3 Be5 59. Ne2 Ke4 0-1


[Site "https://www.chess.com"]

[Event "Titled Tuesday Blitz February 22 Early 2022"]
[White "Sargissyan, Sargis"]
[Black "Kislov, Oleg"]
[WhiteFideId "13303210"]
[BlackFideId "13503774"]
[WhiteElo "2174"]
[BlackElo "2252"]
[Result "1-0"]
[Round "11"]
[TimeControl "180+1"]
[Date "2022.02.22"]
[WhiteClock "0:00:18"]
[BlackClock "0:00:44"]

1. e4 c5 2. Nf3 Nc6 3. d4 cxd4 4. Nxd4 e5 5. Nb5 d6 6. c4 Be7 7. N1c3 a6 8. Na3 f5 9. exf5 Bxf5 10. Bd3 Be6 11. O-O Nf6 12. Nc2 O-O 13. Bg5 Rc8 14. Ne3 b5 15. cxb5 axb5 16. Bxb5 Nd4 17. Bd3 d5 18. Nc2 Nxc2 19. Bxc2 Qb6 20. Bxf6 Bxf6 21. Nxd5 Qxb2 22. Nxf6+ Rxf6 23. Bb3 Bxb3 24. Qxb3+ Qxb3 25. axb3 Rb8 26. Rfb1 Rfb6 27. Ra3 Kf7 28. g3 Ke6 29. Kg2 Rb4 30. Ra6+ Kf5 31. Ra7 Kf6 32. Rc1 R8b7 33. Rc6+ Kf5 34. Rxb7 Rxb7 35. Rc3 h5 36. Kf3 g5 37. h3 g4+ 38. hxg4+ hxg4+ 39. Ke3 Rb4 40. Kd2 Rd4+ 41. Rd3 Re4 42. Re3 Rd4+ 43. Kc3 Ke6 44. b4 Kd5 45. Rd3 1-0


[Site "https://www.chess.com"]

[Event "Titled Tuesday Blitz February 22 Early 2022"]
[White "Sargsyan, Anna M."]
[Black "Begunov, Konstantin"]
[WhiteFideId "13308130"]
[BlackFideId "4118510"]
[WhiteElo "2271"]
[BlackElo "2262"]
[Result "0-1"]
[Round "11"]
[TimeControl "180+1"]
[Date "2022.02.22"]
[WhiteClock "0:01:49"]
[BlackClock "0:00:46"]

1. d4 d5 2. c4 c6 3. Nf3 Nf6 4. Nc3 dxc4 5. a4 Bg4 6. Ne5 Bh5 7. Nxc4 e6 8. Qb3 Na6 9. Bg5 Nb4 10. a5 Qxd4 11. e3 Qd8 12. Ra4 c5 13. Be2 Bxe2 14. Nxe2 Nd3+ 15. Kf1 Nb4 16. h4 Be7 17. Ra1 O-O 18. Rh3 h6 19. Bf4 Nfd5 20. Be5 b5 21. axb6 axb6 22. Rd1 b5 23. e4 bxc4 24. Qxc4 Ne3+ 25. fxe3 Qxd1+ 26. Kf2 Nd3+ 0-1


[Site "https://www.chess.com"]

[Event "Titled Tuesday Blitz February 22 Early 2022"]
[White "Sarkar, Justin"]
[Black "Reprintsev, Alexander"]
[WhiteFideId "2010011"]
[BlackFideId "14100541"]
[WhiteElo "2038"]
[BlackElo "2126"]
[Result "1-0"]
[Round "11"]
[TimeControl "180+1"]
[Date "2022.02.22"]
[WhiteClock "0:00:03"]
[BlackClock "0:00:02"]

1. e4 d5 2. exd5 Qxd5 3. Nc3 Qa5 4. d4 Nf6 5. Nf3 Nc6 6. Bd2 a6 7. Bc4 Qh5 8. Ne5 Bg4 9. Nxg4 Qxg4 10. Qxg4 Nxg4 11. Ne2 e6 12. a4 O-O-O 13. c3 Bd6 14. h3 Nf6 15. O-O Ne4 16. Be3 Be7 17. b4 Nd6 18. Bd3 Nf5 19. Bxf5 exf5 20. b5 Nb8 21. c4 g5 22. f4 g4 23. Ng3 Rhe8 24. Nxf5 gxh3 25. gxh3 Bf6 26. Rad1 Re4 27. Kg2 Rg8+ 28. Kf3 Re6 29. Rg1 Rge8 30. d5 Rxe3+ 31. Nxe3 Nd7 32. d6 c6 33. bxc6 bxc6 34. Nf5 Nc5 35. Rde1 Rd8 36. Nh6 Rd7 37. Rg8+ Kb7 38. Rb1+ Ka7 39. Rf8 1-0


[Site "https://www.chess.com"]

[Event "Titled Tuesday Blitz February 22 Early 2022"]
[White "Shtyka, Sergey"]
[Black "Prieto Aranguren, Alain"]
[WhiteFideId "4138465"]
[BlackFideId "2268906"]
[WhiteElo "2014"]
[BlackElo "2235"]
[Result "1-0"]
[Round "11"]
[TimeControl "180+1"]
[Date "2022.02.22"]
[WhiteClock "0:00:18"]
[BlackClock "0:00:28"]

1. e4 e5 2. Nf3 d5 3. Nxe5 dxe4 4. Bc4 Qd4 5. Bxf7+ Kd8 6. Bxg8 Qxe5 7. Bb3 Nc6 8. d4 exd3+ 9. Be3 Qxb2 10. Qxd3+ Bd6 11. O-O Qe5 12. g3 Bf5 13. Qc3 Qxc3 14. Nxc3 Kd7 15. Rad1 Bh3 16. Rfe1 Bg4 17. Rd5 Ne5 18. Ba4+ c6 19. Rxd6+ Kxd6 20. Bf4 Rae8 21. Bb3 Kd7 22. Rxe5 Rxe5 23. Bxe5 Re8 24. f4 Be6 25. Kf2 a5 26. Ke3 b5 27. Bxe6+ Rxe6 28. Kd4 a4 29. Ne4 Rh6 30. h4 Rg6 31. a3 Kc8 32. f5 Rg4 33. Ke3 h5 34. Kf3 Kb7 35. Ng5 c5 36. Bxg7 b4 37. axb4 cxb4 38. f6 Rc4 39. f7 Rc8 40. f8=Q Rxf8+ 41. Bxf8 b3 42. cxb3 axb3 43. Bg7 Kc6 44. Ke3 Kd7 45. Bb2 Kd6 46. Kd4 Ke7 47. Ke5 Kf8 48. Nh3 Kg8 49. Nf4 Kh7 50. Nxh5 Kg6 51. Nf4+ Kh6 52. g4 Kh7 53. Nd3 Kg6 54. Nc5 Kh6 55. Nxb3 Kg6 56. Nc1 Kh6 57. Ne2 Kg6 58. Ng3 Kh6 59. Bd4 Kg6 60. Kf4 Kh6 61. Kf5 Kh7 62. g5 Kg8 63. g6 Kf8 64. h5 Kg8 65. h6 Kf8 66. h7 Ke7 67. h8=Q Kd6 68. Qe5+ Kc6 69. Qc5+ Kd7 70. Ne4 Ke8 71. Nf6+ Kd8 72. Qd6+ Kc8 73. Qd7+ Kb8 74. Ke4 Ka8 75. Kd3 Kb8 76. Kc2 Ka8 77. Kb1 Kb8 78. Ka1 Ka8 79. g7 Kb8 80. g8=Q# 1-0


[Site "https://www.chess.com"]

[Event "Titled Tuesday Blitz February 22 Early 2022"]
[White "Shuvalov, Evgenij"]
[Black "Tasev, Dejan"]
[WhiteFideId "4187237"]
[BlackFideId "936618"]
[WhiteElo "2119"]
[BlackElo "2253"]
[Result "1-0"]
[Round "11"]
[TimeControl "180+1"]
[Date "2022.02.22"]
[WhiteClock "0:00:17"]
[BlackClock "0:00:47"]

1. Nf3 Nf6 2. c4 g6 3. Nc3 Bg7 4. e4 d6 5. d4 O-O 6. Be2 c5 7. d5 b5 8. cxb5 a6 9. O-O Nbd7 10. a4 Ne8 11. Re1 Nc7 12. Bg5 f6 13. Be3 Bb7 14. Nd2 f5 15. exf5 Rxf5 16. Bg4 Rf8 17. Bg5 Ne5 18. Be2 axb5 19. Bxb5 h6 20. Bh4 g5 21. Bg3 Nxd5 22. Nc4 Nxc3 23. bxc3 Nxc4 24. Bxc4+ d5 25. Qb3 Bc6 26. Bb5 Bxb5 27. axb5 Rxa1 28. Rxa1 c4 29. Qb4 d4 30. Qxc4+ Kh8 31. Rd1 e5 32. cxd4 exd4 33. h3 Qf6 34. Qc5 h5 35. f3 g4 36. Qxh5+ Kg8 37. Qxg4 Rd8 38. Bh4 Qd6 39. Bxd8 Qxd8 40. Qe6+ Kh8 41. b6 d3 42. b7 1-0


[Site "https://www.chess.com"]

[Event "Titled Tuesday Blitz February 22 Early 2022"]
[White "Srihari L R"]
[Black "Grandelius, Nils"]
[WhiteFideId "46617116"]
[BlackFideId "1710400"]
[WhiteElo "2121"]
[BlackElo "2617"]
[Result "0-1"]
[Round "11"]
[TimeControl "180+1"]
[Date "2022.02.22"]
[WhiteClock "0:00:08"]
[BlackClock "0:00:10"]

1. d4 d5 2. c4 e6 3. Nc3 a6 4. cxd5 exd5 5. Nf3 h6 6. Bf4 Nf6 7. e3 Bd6 8. Ne5 O-O 9. Be2 Re8 10. Qb3 Nbd7 11. Nxf7 Kxf7 12. Nxd5 Nxd5 13. Qxd5+ Kf8 14. Bxd6+ cxd6 15. Qxd6+ Qe7 16. Qf4+ Nf6 17. O-O Be6 18. Rfc1 Rac8 19. a3 Bd5 20. Bd3 Kg8 21. Bf5 Rxc1+ 22. Rxc1 Bc6 23. h3 Qf7 24. Bd3 Kh8 25. Bc4 Qg6 26. Bf1 Ne4 27. f3 Ng5 28. Kh2 Ne6 29. Qg3 Qf6 30. Rd1 Ng5 31. e4 Ba4 32. Rd2 Bb5 33. Bxb5 axb5 34. d5 Nf7 35. d6 Rd8 36. f4 g5 37. fxg5 hxg5 38. Rf2 Qe6 39. Qc3+ Kg8 40. Rf6 Qxe4 41. Qc7 Qe5+ 42. Kh1 Qxf6 43. Qxb7 Qxd6 44. Qf3 Qd1+ 45. Kh2 Qxf3 46. gxf3 Rd2+ 47. Kg3 Rxb2 48. Kg4 Ra2 49. h4 gxh4 50. Kxh4 Rxa3 51. Kg4 Rc3 52. Kf4 b4 53. Ke4 b3 0-1


[Site "https://www.chess.com"]

[Event "Titled Tuesday Blitz February 22 Early 2022"]
[White "Stanisz, Patryk"]
[Black "Sviridova, Vlada"]
[WhiteFideId "1123106"]
[BlackFideId "24109606"]
[WhiteElo "1876"]
[BlackElo "2101"]
[Result "1/2-1/2"]
[Round "11"]
[TimeControl "180+1"]
[Date "2022.02.22"]
[WhiteClock "0:00:07"]
[BlackClock "0:00:12"]

1. c4 c6 2. Nc3 d5 3. d4 Nf6 4. Nf3 dxc4 5. a4 Bf5 6. e3 e6 7. Bxc4 Bb4 8. O-O O-O 9. h3 Nbd7 10. Qb3 a5 11. Na2 c5 12. Nxb4 cxb4 13. Nh4 Be4 14. f3 Bc6 15. g4 Nxg4 16. Bxe6 Qxh4 17. Bxg4 Nf6 18. e4 Qg3+ 19. Kh1 Nxg4 20. hxg4 Bxe4 21. Qd1 Bd5 22. Qe2 Qh3+ 23. Kg1 Rfe8 24. Qg2 Qxg2+ 25. Kxg2 Re2+ 26. Rf2 Rae8 27. Bf4 h6 28. Bc7 Bc4 29. Rb1 Rxf2+ 30. Kxf2 Re2+ 31. Kg3 Rd2 32. Bxa5 Rxd4 33. Bxb4 Bd3 34. Bc3 Rxa4 35. Rd1 Bc4 36. Rd8+ Kh7 37. Rb8 b5 38. b3 Bxb3 39. Rxb5 Be6 40. Re5 g5 41. Re3 Ra3 42. Bd4 Ra2 43. Be5 Rc2 44. Rc3 Re2 45. Bd4 Bd5 46. Re3 Rd2 47. Be5 Rd1 48. Bc3 Kg6 49. Be5 Rb1 50. Bc3 Rf1 51. Be5 Rg1+ 52. Kf2 Rd1 53. Bc3 h5 54. gxh5+ Kxh5 55. Re5 Kg6 56. Re3 f6 57. Ke2 Rb1 58. Kf2 Rc1 59. Bd4 Bc4 60. Rc3 Rxc3 61. Bxc3 f5 62. Bd2 f4 63. Bc3 Kf5 64. Bg7 Kg6 65. Bf8 Kh5 66. Bd6 Kh4 67. Be7 Kh5 68. Bd8 Kg6 69. Be7 Kf5 70. Bd8 Kg6 71. Be7 Kf5 72. Bd8 Kg6 1/2-1/2


[Site "https://www.chess.com"]

[Event "Titled Tuesday Blitz February 22 Early 2022"]
[White "Svane, Rasmus"]
[Black "Aradhya, Garg"]
[WhiteFideId "4657101"]
[BlackFideId "25006746"]
[WhiteElo "2645"]
[BlackElo "2169"]
[Result "0-1"]
[Round "11"]
[TimeControl "180+1"]
[Date "2022.02.22"]
[WhiteClock "0:00:06"]
[BlackClock "0:00:21"]

1. Nf3 d5 2. g3 c5 3. Bg2 g6 4. d4 Bg7 5. O-O Nf6 6. c4 cxd4 7. Nxd4 O-O 8. cxd5 Nxd5 9. Nc3 Nb6 10. Ndb5 Nc6 11. Bf4 Bg4 12. h3 Be6 13. Nc7 Rc8 14. Nxe6 fxe6 15. h4 Bxc3 16. bxc3 Qxd1 17. Rfxd1 Rfd8 18. Rxd8+ Rxd8 19. Bxc6 bxc6 20. a4 Nc4 21. Rb1 e5 22. Bg5 Rd7 23. Rb4 Nd6 24. Be3 Kf7 25. Rb8 Nc4 26. Bc5 a5 27. e4 Nd2 28. Ra8 Nxe4 29. Rxa5 Rd5 30. Bb6 Rxa5 31. Bxa5 Nc5 32. c4 Ke6 33. Kg2 Nxa4 34. Bd2 Nb2 35. c5 Nd3 36. Be3 Kd5 37. Kf3 Nxc5 38. Kg4 Ne6 39. Bd2 Ke4 40. h5 c5 41. Bc3 Kd5 42. hxg6 hxg6 43. Bb2 c4 44. Bc3 Ke4 45. Bb4 Kd3 46. Bxe7 c3 47. Ba3 c2 48. Bb2 Ke2 49. f4 e4 50. f5 gxf5+ 51. Kxf5 e3 52. Kxe6 Kd1 53. g4 e2 54. g5 e1=Q+ 55. Kf5 c1=Q 56. Bxc1 Kxc1 57. g6 Qe8 58. Kf6 Qg8 59. g7 Kd2 0-1


[Site "https://www.chess.com"]

[Event "Titled Tuesday Blitz February 22 Early 2022"]
[White "Szpar, Milosz"]
[Black "Lazavik, Denis"]
[WhiteFideId "1184989"]
[BlackFideId "13515110"]
[WhiteElo "2447"]
[BlackElo "2436"]
[Result "0-1"]
[Round "11"]
[TimeControl "180+1"]
[Date "2022.02.22"]
[WhiteClock "0:00:02"]
[BlackClock "0:00:10"]

1. d4 f5 2. g3 Nf6 3. Bg2 g6 4. Nh3 Bg7 5. c4 Nc6 6. O-O O-O 7. d5 Ne5 8. Qc2 Nf7 9. Rd1 Qe8 10. Nc3 e5 11. dxe6 dxe6 12. Nb5 Qe7 13. b3 a6 14. Ba3 c5 15. Nc3 Rb8 16. Nf4 b6 17. Re1 g5 18. Nd3 Bb7 19. f3 Rfd8 20. Rad1 g4 21. Bb2 Ng5 22. Rf1 e5 23. Ne1 Rxd1 24. Nxd1 Qe6 25. f4 Bxg2 26. fxg5 Be4 27. Nd3 Nd7 28. Nc3 Bc6 29. e4 fxe4 30. Nf2 e3 31. Nfe4 Rf8 32. Rxf8+ Nxf8 33. Qe2 Qf5 34. Qxe3 Ne6 35. Nd5 Bxd5 36. cxd5 Nd4 37. d6 Kf7 38. Qd3 Ke6 39. Bxd4 exd4 40. d7 Kxd7 41. Nf6+ Ke6 42. Qc4+ Ke7 43. Nd5+ Kd6 44. Nxb6 d3 45. Qf4+ Qxf4 46. gxf4 Bd4+ 47. Kf1 Ke6 48. Nc4 Kf5 49. Ke1 Bc3+ 50. Kf2 Kxf4 51. Nd6 Bd4+ 52. Kf1 Kxg5 53. Ne4+ Kf4 0-1


[Site "https://www.chess.com"]

[Event "Titled Tuesday Blitz February 22 Early 2022"]
[White "Tari, Aryan"]
[Black "Gelman, Alexander"]
[WhiteFideId "1510045"]
[BlackFideId "4118316"]
[WhiteElo "2567"]
[BlackElo "2375"]
[Result "1-0"]
[Round "11"]
[TimeControl "180+1"]
[Date "2022.02.22"]
[WhiteClock "0:00:11"]
[BlackClock "0:00:03"]

1. c4 c5 2. Nf3 Nf6 3. Nc3 e6 4. d4 cxd4 5. Nxd4 d6 6. e4 a6 7. Be2 Nbd7 8. g4 h6 9. h4 b6 10. Bf3 Ne5 11. g5 Nfd7 12. Rg1 hxg5 13. hxg5 Bb7 14. Be2 Rc8 15. b3 b5 16. f4 b4 17. Na4 Ng6 18. f5 exf5 19. exf5 Nge5 20. Bf4 d5 21. cxd5 Bd6 22. Qd2 Rh4 23. Kd1 Qa5 24. Nc6 Bxc6 25. dxc6 Rxc6 26. Bg3 Re4 27. Rc1 Rxc1+ 28. Kxc1 Qc7+ 29. Kb1 Nc4 30. Bxc4 Bxg3 31. Bxf7+ Kf8 32. Be6 Ne5 33. Rc1 1-0


[Site "https://www.chess.com"]

[Event "Titled Tuesday Blitz February 22 Early 2022"]
[White "Thomas, Anysia"]
[Black "De Souza, Cristiano Gomes"]
[WhiteFideId "670472"]
[BlackFideId "2151758"]
[WhiteElo "2002"]
[BlackElo "2068"]
[Result "0-1"]
[Round "11"]
[TimeControl "180+1"]
[Date "2022.02.22"]
[WhiteClock "0:00:01"]
[BlackClock "0:01:03"]

1. e4 c5 2. Nf3 d6 3. Be2 g6 4. O-O Bg7 5. d4 cxd4 6. Nxd4 Nf6 7. Nc3 O-O 8. Be3 Nc6 9. Qd2 Bd7 10. Rad1 Nxd4 11. Bxd4 Bc6 12. Qe3 Nd7 13. Bxg7 Kxg7 14. f4 Qb6 15. Qxb6 axb6 16. e5 dxe5 17. Bb5 Rad8 18. f5 Nf6 19. fxg6 hxg6 20. Be2 Rd4 21. a3 Rfd8 22. Bd3 e4 23. Be2 Rxd1 24. Rxd1 Rxd1+ 25. Bxd1 Nd7 26. Kf2 f5 27. Ke3 Kf6 28. Be2 e5 29. g3 g5 30. Bb5 f4+ 31. Ke2 Kf5 32. Bc4 Nc5 33. Bg8 Kg4 34. b4 Kh3 35. bxc5 Kxh2 36. gxf4 exf4 37. Be6 Kg3 38. cxb6 g4 39. Nd5 f3+ 40. Ke3 f2 41. Nc3 f1=Q 42. Ne2+ Kh4 0-1


[Site "https://www.chess.com"]

[Event "Titled Tuesday Blitz February 22 Early 2022"]
[White "Tillis., Bryan"]
[Black "Ginzburg, Yakov"]
[WhiteFideId "2059053"]
[BlackFideId "4157176"]
[WhiteElo "2387"]
[BlackElo "2265"]
[Result "0-1"]
[Round "11"]
[TimeControl "180+1"]
[Date "2022.02.22"]
[WhiteClock "0:00:01"]
[BlackClock "0:00:07"]

1. c4 c6 2. Qa4 d5 3. cxd5 Qxd5 4. Nc3 Qd8 5. Nf3 Nf6 6. d4 g6 7. Bf4 b5 8. Qd1 Bg7 9. e3 O-O 10. Be2 Nbd7 11. Ne5 Bb7 12. Bf3 Qb6 13. O-O a5 14. Rc1 Rad8 15. Qc2 c5 16. Bxb7 Qxb7 17. Nxd7 Nxd7 18. dxc5 Nxc5 19. Rfd1 b4 20. Ne2 Ne4 21. Ng3 Nxg3 22. Bxg3 Rc8 23. Qb3 Rfd8 24. h3 h5 25. Rxd8+ Rxd8 26. Qc2 Qd5 27. b3 Bc3 28. Bh4 Rd7 29. Bg3 Kg7 30. f3 Qd3 31. Bf2 Qb5 32. Rd1 Rc7 33. e4 Be5 34. Qd3 Qxd3 35. Rxd3 Rc2 36. Bd4 Bxd4+ 37. Rxd4 Rxa2 38. Rd5 Ra3 39. Rb5 Rxb3 40. Rxa5 Rb2 41. Rb5 b3 42. h4 Kf6 43. Kh2 Ke6 44. Kg3 Kd6 45. Rb7 f6 46. Rb6+ Kc5 47. Rb7 e5 48. Rb8 Kc4 49. Rc8+ Kd4 50. Rd8+ Ke3 51. Rd6 Rc2 52. Rxf6 b2 53. Rb6 Kd2 54. f4 Rc3+ 55. Kf2 Kc2 56. fxe5 Rb3 57. Rc6+ Kd3 58. e6 b1=Q 59. e7 Rb2+ 60. Kg3 Qe1+ 61. Kf4 Qxh4+ 0-1


[Site "https://www.chess.com"]

[Event "Titled Tuesday Blitz February 22 Early 2022"]
[White "Timofeev, Artyom"]
[Black "Assaubayeva, Bibisara"]
[WhiteFideId "4140419"]
[BlackFideId "13708694"]
[WhiteElo "2583"]
[BlackElo "2404"]
[Result "1/2-1/2"]
[Round "11"]
[TimeControl "180+1"]
[Date "2022.02.22"]
[WhiteClock "0:00:31"]
[BlackClock "0:00:15"]

1. d4 Nf6 2. c4 g6 3. Nc3 Bg7 4. Bf4 O-O 5. e3 d6 6. h3 b6 7. Nf3 Bb7 8. Be2 Nbd7 9. O-O Ne4 10. Nxe4 Bxe4 11. Bh2 Bb7 12. Qd2 e5 13. Qc2 Qe7 14. Rad1 Rfe8 15. b4 a5 16. a3 axb4 17. axb4 Ra3 18. Rfe1 Bxf3 19. Bxf3 exd4 20. Bf4 g5 21. Bg3 dxe3 22. Kh2 Ne5 23. Bd5 c6 24. Be4 Rc3 25. Bxh7+ Kh8 26. Qb1 exf2 27. Bxf2 Qf6 28. Bf5 Rxc4 29. Bxb6 Rb8 30. Ba5 g4 31. Rf1 Qh4 32. Qb3 Rc3 33. Qxc3 Nf3+ 34. Qxf3 gxf3 35. Rxf3 d5 36. Bc7 Rxb4 37. Bg3 Qg5 38. Bd7 Rb2 39. Bxc6 d4 40. Be4 Be5 41. Bd3 Rf2 42. Rf1 Rxf1 43. Bxf1 Bxg3+ 44. Rxg3 Qf4 45. Bd3 f5 46. h4 Kh7 47. Kh3 Kh6 48. Rf3 Qg4+ 49. Kh2 f4 50. Rh3 Kg7 51. h5 Kh6 52. Kh1 Qd1+ 53. Kh2 Qd2 54. Bg6 Qf2 55. Kh1 Qe1+ 56. Kh2 Qf2 57. Kh1 Qe1+ 58. Kh2 Qf2 1/2-1/2


[Site "https://www.chess.com"]

[Event "Titled Tuesday Blitz February 22 Early 2022"]
[White "Tologon tegin, Semetei"]
[Black "Arabidze, Meri"]
[WhiteFideId "13800574"]
[BlackFideId "13604040"]
[WhiteElo "2258"]
[BlackElo "2329"]
[Result "1-0"]
[Round "11"]
[TimeControl "180+1"]
[Date "2022.02.22"]
[WhiteClock "0:00:12"]
[BlackClock "0:00:12"]

1. e4 c5 2. Nc3 e6 3. g3 Nc6 4. Bg2 Nf6 5. Nge2 Be7 6. O-O O-O 7. f4 d5 8. d3 b6 9. e5 Nd7 10. g4 Bb7 11. Ng3 a6 12. a4 Qc7 13. Bd2 Nb4 14. g5 Bc6 15. b3 b5 16. a5 Rfd8 17. h4 Qa7 18. Kh2 c4 19. Bc1 Bc5 20. Nce2 cxb3 21. cxb3 d4 22. Ne4 Bxe4 23. Bxe4 Rac8 24. h5 Nf8 25. g6 fxg6 26. hxg6 Nxg6 27. Bxg6 hxg6 28. Ng3 Nd5 29. Qg4 Qf7 30. Ne4 Be7 31. Bd2 Rc2 32. Rac1 Rdc8 33. Kg3 Qf5 34. Rh1 Nb4 35. Bxb4 Bxb4 36. Qxf5 gxf5 37. Rxc2 Rxc2 38. Ng5 Rc6 39. Kh4 Bd2 40. Nh3 Bxa5 41. Kh5 Kf7 42. Ng5+ Ke7 43. Kg6 Kd7 44. Rh7 Bd8 45. Rxg7+ Kc8 46. Rg8 Kc7 47. Kf7 Bxg5 48. fxg5 f4 49. Ke7 Kb7 50. g6 Rc7+ 51. Kxe6 f3 52. Rf8 Rc6+ 53. Kf5 f2 54. Kg5 Re6 55. Rxf2 Rxe5+ 56. Kf6 Re3 57. g7 Rg3 58. Rf5 Kb6 59. Rg5 Rf3+ 60. Ke5 Re3+ 61. Kxd4 1-0


[Site "https://www.chess.com"]

[Event "Titled Tuesday Blitz February 22 Early 2022"]
[White "Toncheva, Nadya"]
[Black "Novikov, Evgenij"]
[WhiteFideId "2924056"]
[BlackFideId "4125380"]
[WhiteElo "1920"]
[BlackElo "2242"]
[Result "1/2-1/2"]
[Round "11"]
[TimeControl "180+1"]
[Date "2022.02.22"]
[WhiteClock "0:01:47"]
[BlackClock "0:01:24"]

1. d4 Nf6 2. c4 g6 3. Nc3 Bg7 4. e4 d6 5. Be2 O-O 6. Bg5 Nc6 7. Nf3 h6 8. Bf4 Nh5 9. Be3 e5 10. d5 Ne7 11. Qd2 Nf4 12. Bxf4 exf4 13. Qxf4 f5 14. e5 dxe5 15. Qd2 g5 16. O-O Ng6 17. Rfd1 e4 1/2-1/2


[Site "https://www.chess.com"]

[Event "Titled Tuesday Blitz February 22 Early 2022"]
[White "Tregubov, Pavel V."]
[Black "Samunenkov, Ihor"]
[WhiteFideId "4115341"]
[BlackFideId "14187086"]
[WhiteElo "2341"]
[BlackElo "2406"]
[Result "1-0"]
[Round "11"]
[TimeControl "180+1"]
[Date "2022.02.22"]
[WhiteClock "0:00:58"]
[BlackClock "0:00:15"]

1. e4 c6 2. Nf3 d5 3. Nc3 dxe4 4. Nxe4 Nf6 5. Qe2 Nxe4 6. Qxe4 Nd7 7. Bc4 Nf6 8. Ne5 e6 9. Qf4 Bd6 10. d4 O-O 11. O-O b5 12. Bd3 Bb7 13. Qg3 Kh8 14. Bg5 Be7 15. Qh4 g6 16. Rfe1 Kg8 17. Re3 Nd5 18. Rh3 h5 19. Rg3 Nf6 20. Bxg6 fxg6 21. Nxg6 Kf7 22. Bxf6 Bxf6 23. Qxh5 Qd5 24. Qh7+ Ke8 25. Qxb7 c5 26. Qxd5 exd5 27. Re1+ Kf7 28. Nxf8 1-0


[Site "https://www.chess.com"]

[Event "Titled Tuesday Blitz February 22 Early 2022"]
[White "Tuleyeva-Aketayeva, Dana"]
[Black "Lauridsen, Jesper Morch"]
[WhiteFideId "13701932"]
[BlackFideId "1401890"]
[WhiteElo "1944"]
[BlackElo "2278"]
[Result "1-0"]
[Round "11"]
[TimeControl "180+1"]
[Date "2022.02.22"]
[WhiteClock "0:00:07"]
[BlackClock "0:00:19"]

1. d4 Nf6 2. Nf3 e6 3. g3 c5 4. c3 b6 5. Bg2 Bb7 6. O-O Be7 7. Nbd2 O-O 8. Re1 d5 9. Ne5 Nbd7 10. Ndf3 cxd4 11. cxd4 Bb4 12. Bd2 Bxd2 13. Nxd2 Nxe5 14. dxe5 Ng4 15. e4 Nxe5 16. exd5 Nd3 17. Re3 Nc5 18. dxe6 fxe6 19. Bxb7 Nxb7 20. Ne4 Qe7 21. Rc1 Rad8 22. Qa4 Nd6 23. Nxd6 Qxd6 24. Qb3 Rf6 25. Rce1 Kf7 26. Qa4 a5 27. Qe4 h6 28. Qb7+ Rd7 29. Qe4 Qd2 30. R1e2 Qc1+ 31. Kg2 Rd1 32. Qb7+ Kg8 33. Rxe6 Rg1+ 34. Kh3 Qf1+ 35. Kg4 Rxe6 36. Qc8+ Kh7 37. Qxe6 Qb1 38. Qe4+ Qxe4+ 39. Rxe4 Rb1 40. Re2 b5 41. a3 Kg6 42. h4 h5+ 43. Kf4 b4 44. axb4 axb4 45. Ke4 b3 46. Kd3 Rc1 47. Rd2 Kf5 48. Ke2 Kg4 49. Ke3 Kh3 50. Kf3 Rc2 51. Ke2 Kg2 52. Rxc2 bxc2 53. Kd2 Kxf2 54. Kxc2 Ke3 55. Kc3 Ke4 56. Kc4 Kf3 57. b4 Kxg3 58. b5 Kxh4 59. b6 Kg3 60. b7 h4 61. b8=Q+ Kg2 62. Qb7+ Kg3 63. Qxg7+ Kh2 64. Qe5+ Kg2 65. Qe4+ Kg3 66. Qe3+ Kg2 67. Qe2+ Kg1 68. Qg4+ 1-0


[Site "https://www.chess.com"]

[Event "Titled Tuesday Blitz February 22 Early 2022"]
[White "Unat, Can Haktan"]
[Black "Papp, Petra"]
[WhiteFideId "6398073"]
[BlackFideId "739049"]
[WhiteElo "1980"]
[BlackElo "2259"]
[Result "1-0"]
[Round "11"]
[TimeControl "180+1"]
[Date "2022.02.22"]
[WhiteClock "0:01:19"]
[BlackClock "0:00:30"]

1. e4 c6 2. d4 d5 3. e5 g6 4. h4 Bg7 5. h5 c5 6. h6 Bf8 7. Nf3 Nc6 8. Bb5 Qb6 9. Nc3 Bg4 10. Nxd5 Qa5+ 11. Bd2 Qd8 12. c4 a6 13. Qa4 Bd7 14. dxc5 e6 15. Bg5 Be7 16. Bxe7 Ngxe7 17. Nf6+ Kf8 18. Rd1 axb5 19. Nxd7+ Qxd7 20. Qxa8+ Qe8 21. Qxe8+ Kxe8 22. cxb5 Nb4 23. Rh4 Nbd5 24. Ra4 Kd7 25. Ra7 Kc7 26. c6 Rb8 27. Rxb7+ Rxb7 28. cxb7 Kxb7 29. a4 Kb6 30. Ng5 f6 31. exf6 Nxf6 32. Rd6+ Kc5 33. Rxe6 Ned5 34. Rc6+ Kd4 35. b6 Nd7 36. b7 Nb4 37. Rd6+ 1-0


[Site "https://www.chess.com"]

[Event "Titled Tuesday Blitz February 22 Early 2022"]
[White "Vakhlamov, Igor L."]
[Black "Sanchez Alvares, Kelvin Antonio"]
[WhiteFideId "24126748"]
[BlackFideId "3906680"]
[WhiteElo "2401"]
[BlackElo "2193"]
[Result "1-0"]
[Round "11"]
[TimeControl "180+1"]
[Date "2022.02.22"]
[WhiteClock "0:00:08"]
[BlackClock "0:00:06"]

1. e4 c5 2. Nf3 d6 3. Nc3 Nf6 4. d4 cxd4 5. Qxd4 Nc6 6. Bb5 Qa5 7. e5 dxe5 8. Nxe5 Bd7 9. Bxc6 Bxc6 10. Nxc6 bxc6 11. O-O e6 12. Ne4 Be7 13. Nd6+ Bxd6 14. Qxd6 Qd5 15. Qa3 c5 16. Be3 O-O 17. Rfd1 Qf5 18. c4 Rfc8 19. h3 g5 20. Qd3 Qxd3 21. Rxd3 h6 22. Rad1 Kg7 23. Ra3 a5 24. Rb3 Rab8 25. Rxb8 Rxb8 26. b3 a4 27. Rd3 axb3 28. axb3 Rc8 29. Rd6 Rb8 30. Rd3 Rc8 31. f4 Kg6 32. Kf2 Ne4+ 33. Kf3 f5 34. g4 Kf6 35. Bc1 Rb8 36. Bb2+ Ke7 37. Be5 Ra8 38. fxg5 Nxg5+ 39. Kf4 fxg4 40. hxg4 Rf8+ 41. Kg3 Ne4+ 42. Kh4 Rf2 43. Kh5 Rg2 44. Re3 Nf2 45. Rg3 Rh2+ 46. Kg6 Rh1 47. Rg2 Ne4 48. Re2 Ng5 49. Bf6+ Kd6 50. Rd2+ Kc6 51. Bxg5 hxg5 52. Kxg5 Rh3 53. Re2 Kd6 54. Rd2+ Ke5 55. Re2+ Kd6 56. Rb2 Ke5 57. Rb1 Kd4 58. Kf6 e5 59. Rd1+ Kc3 60. Kxe5 Kxb3 61. Kd5 Rg3 62. Kxc5 Rxg4 63. Rd3+ Ka4 64. Rd5 Rg1 65. Rh5 Ka5 66. Kc6+ Ka6 67. Rh6 Ka7 68. c5 Rg7 69. Rd6 Kb8 70. Rd8+ Ka7 71. Rd7+ 1-0


[Site "https://www.chess.com"]